 Dungeon Crawl Stone Soup version 0.19-b1-4-gd8a0a2a (webtiles) character file.

173 dvd the Slasher (level 5, -12/41 HPs)
             Began as a Demonspawn Gladiator on Oct 30, 2016.
             Mangled by an orc
             ... wielding a +0 dagger of electrocution
              (18 damage)
             ... on level 3 of the Dungeon.
             The game lasted 00:05:05 (2087 turns).

dvd the Slasher (Demonspawn Gladiator)              Turns: 2087, Time: 00:05:05

Health: -12/41     AC:  8    Str: 17    XL:     5   Next: 28%
Magic:  5/5        EV: 11    Int:  9    God:
Gold:   69         SH:  0    Dex: 13    Spells: 0 memorised, 4 levels left

rFire  . . .     SeeInvis .     a - +0 long sword
rCold  . . .     Gourm    .     w - +0 scale mail
rNeg   . . .     Faith    .     (no shield)
rPois  .         Spirit   .     c - +0 helmet
rElec  .         Reflect  .     (no cloak)
rCorr  .         Harm     .     (no gloves)
MR     .....                    x - +0 pair of boots
Stlth  +.........               (no amulet)
                                (no ring)
                                (no ring)

@: no status effects
A: talons 2, nightstalker 1
a: no special abilities


You were on level 3 of the Dungeon.
You were not hungry.

You visited 1 branch of the dungeon, and saw 3 of its levels.

You collected 69 gold pieces.

Inventory:

Hand Weapons
 a - a +0 long sword (weapon)
Missiles
 d - 3 throwing nets (quivered)
Armour
 b - a +0 leather armour
 c - a +0 helmet (worn)
 o - a +0 ring mail
 q - a +0 chain mail
 w - a +0 scale mail (worn)
 x - a +0 pair of boots (worn)
Scrolls
 g - a scroll of fear {unknown}
 h - a scroll of blinking {unknown}
 i - a scroll of enchant armour {unknown}
 l - 3 scrolls of identify {unknown}
 n - a scroll of fog {unknown}
 s - a scroll of amnesia {unknown}
 u - a scroll of teleportation {unknown}
Potions
 e - a potion of magic {unknown}
 j - 3 potions of heal wounds {unknown}
 k - a potion of brilliance {unknown}
 m - 3 potions of mutation {unknown}
 t - 2 potions of curing {unknown}
 v - a potion of flight {unknown}
Comestibles
 f - a bread ration
 p - 4 chunks of flesh
 r - 2 slices of pizza


   Skills:
 + Level 3.2 Fighting
 + Level 4.1 Long Blades
 + Level 1.9 Throwing
 + Level 1.1 Armour
 + Level 3.3 Dodging
 + Level 0.4 Stealth


You had 4 spell levels left.
You didn't know any spells.

Dungeon Overview and Level Annotations

Branches:
Dungeon (3/15)

Altars:


Innate Abilities, Weirdness & Mutations

You have razor-sharp toenails.
You are slightly more attuned to the shadows.


Message History

An orc comes into view.
It is wielding a dagger of electrocution.
The orc shouts!
Found a stone staircase leading up.
You completely miss the orc. The orc hits you but does no damage.
You are electrocuted!
You hit the orc.
The orc is lightly wounded.
The orc hits you but does no damage. x2; You are electrocuted!
* * * LOW HITPOINT WARNING * * *
You hit the orc but do no damage.
The orc is lightly wounded.
The orc misses you.
You closely miss the orc.
The orc is lightly wounded.
The orc hits you but does no damage.
Unknown command.
You hit the orc.
The orc is severely wounded.
The orc hits you but does no damage.
You are electrocuted!
You die...

. ..
..#.......#..####.####
##.# #.
#.#..#.............###
.#.# #
#.##.#..####.#######..#..
.#.# #. #.........#..#
#....# ...#
#.#####.##....#.# #.####
.#.# #...........#.#.#
#.....
.#.#####..#####......#
###### ##..#
##.#.######.####
....###.###..<.o@.#
.........#.######.#
.########.# #... .. .#
###.# .## # .# .# # .. ..


You could see an orc.

Vanquished Creatures
  An orc priest (D:3)
  Terence (D:2)
  4 adders
  2 oozes
  2 worms
  A dart slug (D:2)
  3 leopard geckos
  2 orcs (D:3)
  5 bats
  6 giant cockroaches
  6 goblins
  9 hobgoblins
  4 jackals
  A quokka (D:2)
  A frilled lizard (D:2)
  6 kobolds
  8 rats
62 creatures vanquished.

Notes
Turn   | Place    | Note
-------+----------+-------------------------------------------
     0 | D:1      | dvd the Demonspawn Gladiator began the quest for the Orb.
     0 | D:1      | Reached XP level 1. HP: 16/16 MP: 1/1
   109 | D:1      | Reached skill level 3 in Long Blades
   109 | D:1      | Gained mutation: You have sharp toenails. [demonic ancestry]
   109 | D:1      | Reached XP level 2. HP: 22/22 MP: 2/2
   665 | D:2      | Reached XP level 3. HP: 27/27 MP: 3/3
   681 | D:2      | Noticed Terence
   693 | D:2      | Killed Terence
   943 | D:2      | Gained mutation: You have razor-sharp toenails. [demonic ancestry]
   943 | D:2      | Reached XP level 4. HP: 28/34 MP: 4/4
  1795 | D:3      | Reached skill level 1 in Armour
  1854 | D:3      | Gained mutation: You are slightly more attuned to the shadows. [demonic ancestry]
  1854 | D:3      | Reached XP level 5. HP: 37/41 MP: 5/5
  1862 | D:3      | Reached skill level 4 in Long Blades
  2087 | D:3      | Mangled by an orc

Skill      XL: |  1  2  3  4  5 |
---------------+----------------+-----
Long Blades    | 3 4 |  4.1
Dodging        | 3 |  3.3
Fighting       | 3 |  3.2
Armour         | 1 |  1.1
Throwing       | |  1.9
Stealth        | |  0.4

Action                   |  1- 3 |  4- 6 || total
-------------------------+-------+-------++-------
Melee: Long sword        |    73 |   116 ||   189
       Kick              |    17 |    32 ||    49
  Eat: Chunk             |       |     4 ||     4
Armor: Leather armour    |    11 |       ||    11
       Ring mail         |    11 |    29 ||    40
       Scale mail        |       |     3 ||     3
Dodge: Dodged            |    71 |    87 ||   158
       Rpst.: Long sword |    22 |    32 ||    54
